AoeStats
← Megiago

Arabia

507440129Analyzed
1v1 RM · 13d ago on Sep 18, 2026· 30m 41s· 2 players
Game mode
Random Map
Map size
Tiny (2 player)
Population
200
Speed
Normal
Resources
Standard
Victory
Conquest
Starting age
Dark Age
Ending age
Imperial Age
RankedLock teamsTeams togetherTeam positionsShared explorationLock speedFull tech treeHidden civsTurbo modeCheats
Victory
Defeat
🇩🇪 Georgians · Germany
1537
+15
🇩🇪 Vietnamese · Germany
1516
-15
Megiago
7:33 Loom
7:40 Loom
9:54 Feudal Age
12:23 Double-Bit Axe
15:56 Fletching
21:30 Castle Age
19:34 Horse Collar
20:57 Bloodlines
20:53 Scale Barding Armor
23:33 Husbandry
25:04 Bow Saw
24:40 Crossbowman
28:26 Chain Barding Armor
28:59 Forging
Rogan_29
6:05 Loom
9:14 Feudal Age
9:51 Double-Bit Axe
10:33 Horse Collar
15:20 Fletching
17:32 Padded Archer Armor
17:39 Town Watch
22:06 Castle Age
20:17 Gold Mining
21:21 Bloodlines
22:08 Elite Skirmisher
22:45 Bodkin Arrow
23:02 Husbandry
26:15 Bow Saw
27:55 Wheelbarrow
28:58 Leather Archer Armor
Connection lost

Rejoining the realm…

Still unreachable

The connection could not be restored.

Session expired

The server has moved on; the page needs a fresh start.